 Dungeon Crawl Stone Soup version 0.17-a0-1-g1f4be75 (console) character file.

8810 MarvinPA the Reanimator (level 11, 0/78 HPs)
             Began as a Mummy Necromancer on Mar 3, 2015.
             Was an Initiate of Gozag.
             Splashed by an oklob plant's acid (12 damage)
             ... on level 1 of the Lair of Beasts.
             The game lasted 00:52:41 (15381 turns).

MarvinPA the Reanimator (Mummy Necromancer)        Turns: 15381, Time: 00:52:41

Health: 0/78       AC:  7    Str:  9    XL:     11   Next: 14%
Magic:  21/21      EV: 21    Int: 17    God:    Gozag
Gold:   1151       SH:  5    Dex: 17    Spells: 3 memorised, 8 levels left

rFire  + + .     SeeInvis .     a - +4 rapier {venom, +Blink rF++ rN+ Str-2 Stlth+}
rCold  + + .     Clarity  +     k - +2 robe {rC+ rF+}
rNeg   + + +     SustAb   .     u - +0 buckler
rPois  ∞         Gourm    .     n - +0 helmet
rElec  .         Spirit   .     m - +0 cloak
rCorr  .         Warding  .     j - +0 pair of gloves
rMut   .         Stasis   .     (no boots)
MR     ++...                    e - amulet of clarity (curse)
Stlth  ++++......               t - +4 ring of slaying
                                v - ring of protection from magic

@: agile, very slightly contaminated, hasted, very quick, very resistant to
hostile enchantments, stealthy
A: no food or potions, fire vulnerability, restore body, cold resistance 1,
negative energy resistance 3, poison resistance, torment resistance, unbreathing
a: Potion Petition, Call Merchant, Bribe Branch, Renounce Religion, Evoke Blink


You were on level 1 of the Lair of Beasts.
You worshipped Gozag.
Gozag was noncommittal.
You were not hungry.

You visited 3 branches of the dungeon, and saw 11 of its levels.
You also visited: Labyrinth and Ossuary.

You collected 1370 gold pieces.
You paid 219 gold pieces to Gozag.


Innate Abilities, Weirdness & Mutations

You do not eat or drink.
Your flesh is vulnerable to fire.
Your flesh is cold resistant.
You are immune to negative energy.
Your system is resistant to poisons.
You are immune to unholy pain and torment.
You can survive without breathing.


   Skills:
 - Level 4.8 Fighting
 - Level 4.0 Short Blades
 + Level 5.5 Staves
 - Level 6.0 Dodging
 - Level 1.5 Stealth
 - Level 2.1 Shields
 - Level 3.0 Spellcasting
 - Level 10.0 Necromancy
 + Level 7.1 Evocations


You had 8 spell levels left.
You knew the following spells:

 Your Spells              Type           Power        Failure   Level  Hunger
x - Vampiric Draining     Necr           #####.....   1%          3    N/A
z - Pain                  Necr           ####         1%          1    N/A
Z - Control Undead        Necr           #####.....   4%          4    N/A

Inventory:

Hand weapons
 a - the +4 rapier "Umnaalle" (weapon) {venom, +Blink rF++ rN+ Str-2 Stlth+}
   (You found it on level 5 of the Dungeon)

   It poisons the flesh of those it strikes.
   It affects your strength (-2).
   It greatly protects you from fire.
   It protects you from negative energy.
   It lets you blink.
   It makes you more stealthy.
 c - a +0 lajatang
Missiles
 i - 18 tomahawks (quivered)
Armour
 j - a +0 pair of gloves (worn)
 k - a +2 robe of resistance (worn)
 m - a +0 cloak (worn)
 n - a +0 helmet (worn)
 u - a +0 buckler (worn)
Magical staves
 b - a staff of death
Jewellery
 e - a cursed amulet of clarity (around neck)
 l - a ring of wizardry
 t - a +4 ring of slaying (right hand)
 v - a ring of protection from magic (left hand)
Magical devices
 w - a wand of disintegration (4)
Scrolls
 f - 9 scrolls of remove curse
 g - a scroll of recharging
 h - 6 scrolls of teleportation {@r4}
 p - a scroll of magic mapping
 r - 16 scrolls of identify {@r1}
 y - 3 scrolls of blinking
 z - a scroll of amnesia
Books
 o - a book of Frost
Miscellaneous
 d - a phantom mirror

Dungeon Overview and Level Annotations

Branches:
Dungeon (9/15)             Temple (1/1) D:4            Lair (1/8) D:9
    Orc (0/4) D:9

Altars:
Ashenzari
Cheibriados
Dithmenos
Elyvilon
Fedhas
Gozag
Kikubaaqudgha
Makhleb
Nemelex Xobeh
Okawaru
Qazlal
Ru
Sif Muna
Trog
Vehumet
Xom
Yredelemnul
Zin
The Shining One

Annotations:
Lair:1 exclusion: oklob plant

.....## #..# #...#
......####).# #..##
##......##<.# #..##
###.##......########...###
#######.....##./.........####
.#
##....#.PPP...........#####
.##
##...#.PPP)......#....##.#
..####
##..#...P......#####.....
..##.## #......[M##....#
#...##
#.....###.......###....#
##..##
.#..+#..........##....##
#..#.#
.....................##
##.####
.........#...........# ##..#
......#####..........# ##..##
..8..## ###........###...# #
......## #.........##..####
## ....#..###
#P.............#.###.


You could see an oklob plant.


Message History

You feel yourself speed up.
You feel agile all of a sudden.
You are very lightly contaminated with residual magic.
You hit the oklob plant.
The oklob plant is lightly damaged.
You hit the oklob plant.
The oklob plant is lightly damaged.
The oklob plant spits acid at you. The splash of acid hits you!
The acid burns!
You hit the oklob plant.
The oklob plant is lightly damaged.
The oklob plant spits acid at you. The splash of acid hits you!
The acid burns!
Unknown command.
Unknown command.
You completely miss the oklob plant.
The oklob plant is lightly damaged.
You hit the oklob plant.
The oklob plant is moderately damaged.
The oklob plant spits acid at you. The splash of acid hits you!
* * * LOW HITPOINT WARNING * * *
The acid burns!
* * * LOW HITPOINT WARNING * * *
The oklob plant spits acid at you. The splash of acid hits you!
* * * LOW HITPOINT WARNING * * *
The acid burns!
You die...
Your body crumbles into a pile of gold.

Action                   |  1- 3 |  4- 6 |  7- 9 | 10-12 || total
-------------------------+-------+-------+-------+-------++-------
Melee: Dagger            |    45 |    87 |   187 |       ||   319
       Quarterstaff      |       |       |    23 |       ||    23
       Rapier            |       |       |   239 |   243 ||   482
       Staff             |       |       |       |    31 ||    31
Throw: Tomahawk          |       |    11 |       |     1 ||    12
 Cast: Pain              |    87 |    58 |   115 |    40 ||   300
       Vampiric Draining |     2 |    20 |    51 |    61 ||   134
       Control Undead    |       |       |    20 |       ||    20
Invok: Potion Petition   |       |       |       |     1 ||     1
Evoke: Wand              |       |       |       |     4 ||     4
  Use: Scroll            |     5 |     4 |     6 |     1 ||    16
 Stab: Paralysed         |       |       |     3 |       ||     3
       Distracted        |       |       |     1 |     1 ||     2
       Sleeping          |       |       |     4 |     2 ||     6

Vault maps used:
D:1:      dpeg_arrival_tiny_j
D:2:      nicolae_overflow_crystal_walls, minmay_misc_feat_columns,
          fedhas_altar_fruit_tree, uniq_crazy_yiuf_cottage, uniq_robin
D:3:      lightli_corner_chamber, uniq_grinder
D:4:      lemuel_coloured_pillars_altar, grunt_qazlal_clouds,
          lemuel_temple_firewalk, nicolae_ossuary_entry_catacombs,
          uniq_blork_the_orc, uniq_natasha
D:5:      lemuel_ice_spiral_2, kennysheep_vampire_church, first_bread
D:7:      lightli_temple_of_fire, uniq_sigmund
D:8:      vehumet_statue, nicolae_gozag_cash_rules_everything_around_me,
          basic_altar, grunt_pizzeria, lemuel_flamethrower_1
D:9:      dpeg_lair_monsters, hiddenorc2_lemuel, moated_statue
Temple:   circular_temple_12
Lair:1:   special_room, lab_entry_generic, minivault_19,
          minmay_lair_oklob_bushes, grunt_megastairs_3
Lab:      labyrinth_mini_lab, lab_block
Ossuary:  ossuary_zaba_flooded

Notes
Turn   | Place    | Note
--------------------------------------------------------------
     0 | D:1      | MarvinPA, the Mummy Necromancer, began the quest for the Orb.
     0 | D:1      | Reached XP level 1. HP: 13/13 MP: 3/3
   349 | D:1      | Reached XP level 2. HP: 19/19 MP: 1/5
  1449 | D:2      | Found a sparkling altar of Nemelex Xobeh.
  1452 | D:2      | Reached XP level 3. HP: 24/24 MP: 2/6
  2038 | D:2      | Learned a level 3 spell: Vampiric Draining
  2062 | D:2      | Reached skill level 3 in Spellcasting
  2107 | D:2      | Found a blossoming altar of Fedhas.
  2171 | D:2      | Noticed Robin
  2430 | D:2      | Reached skill level 5 in Necromancy
  2471 | D:2      | Reached XP level 4. HP: 30/30 MP: 7/9
  2757 | D:2      | Killed Robin
  2851 | D:2      | Noticed Crazy Yiuf
  2858 | D:2      | Killed Crazy Yiuf
  3088 | D:3      | Noticed an ogre
  3110 | D:3      | Killed an ogre
  3110 | D:3      | Reached skill level 6 in Necromancy
  3110 | D:3      | Reached XP level 5. HP: 33/35 MP: 0/11
  3246 | D:3      | Learned a level 4 spell: Control Undead
  3428 | D:3      | Noticed Charizard2991's ghost (average HEHu)
  3556 | D:3      | Noticed Grinder
  3735 | D:3      | Paralysed by Grinder for 4 turns
  3749 | D:3      | Paralysed by Grinder for 2 turns
  3766 | D:3      | Paralysed by Grinder for 2 turns
  3772 | D:4      | Found a stormy altar of Qazlal.
  3782 | D:4      | Noticed an ogre
  3794 | D:4      | Killed an ogre
  3794 | D:4      | Reached skill level 7 in Necromancy
  3794 | D:4      | Reached XP level 6. HP: 32/41 MP: 2/12
  3807 | D:4      | Noticed Blork the orc
  3832 | D:4      | Killed Blork the orc
  3851 | D:4      | Identified a +2 robe of resistance (You took it off Blork the orc on level 4 of the Dungeon)
  3852 | D:4      | good
  4125 | D:4      | Reached skill level 8 in Necromancy
  4193 | D:4      | Reached XP level 7. HP: 15/47 MP: 8/14
  4239 | D:4      | Found a sand-covered staircase.
  4252 | Ossuary  | Entered an ossuary
  4302 | Ossuary  | Reached skill level 1 in Fighting
  4309 | Ossuary  | Reached skill level 2 in Dodging
  4601 | Ossuary  | Reached skill level 2 in Fighting
  5649 | D:3      | Killed Grinder
  5649 | D:3      | Reached skill level 3 in Fighting
  5649 | D:3      | Reached skill level 3 in Dodging
  5797 | D:3      | Killed Charizard2991's ghost
  5797 | D:3      | Reached XP level 8. HP: 53/59 MP: 16/16
  5891 | D:4      | Noticed Natasha
  5892 | D:4      | Found a staircase to the Ecumenical Temple.
  5899 | D:4      | Killed Natasha
  5905 | Temple   | Entered the Ecumenical Temple
  6293 | D:4      | Reached skill level 4 in Fighting
  6293 | D:4      | Reached skill level 4 in Dodging
  6415 | D:4      | Found a glowing silver altar of Zin.
  6555 | D:4      | Found a stormy altar of Qazlal.
  6656 | D:4      | Found a glowing silver altar of Zin.
  6680 | D:4      | Noticed Natasha
  6683 | D:4      | Killed Natasha
  6745 | D:4      | Noticed Natasha
  6747 | D:4      | Killed Natasha
  6798 | D:5      | Entered Level 5 of the Dungeon
  6864 | D:5      | Reached skill level 9 in Necromancy
  7495 | D:5      | Got a dazzling rapier
  7496 | D:5      | Identified the +4 rapier "Umnaalle" {venom, +Blink rF++ rN+ Str-2 Stlth+} (You found it on level 5 of the Dungeon)
  7534 | D:5      | Found an ancient bone altar of Kikubaaqudgha.
  7705 | D:6      | Reached skill level 1 in Short Blades
  8004 | D:6      | Reached skill level 10 in Necromancy
  8021 | D:6      | Reached skill level 2 in Short Blades
  8088 | D:6      | Got a shimmering mace
  8089 | D:6      | Identified the cursed -1 mace of Fate {crush, Dex+2} (You found it on level 6 of the Dungeon)
  8628 | D:6      | Reached XP level 9. HP: 65/65 MP: 15/17
  9122 | D:7      | Reached skill level 3 in Short Blades
  9257 | D:7      | Found a burning altar of Makhleb.
  9283 | D:7      | Noticed Sigmund
  9291 | D:7      | Killed Sigmund
  9815 | D:7      | Reached skill level 4 in Short Blades
 10041 | D:8      | Reached skill level 5 in Dodging
 10044 | D:8      | Reached skill level 1 in Evocations
 10204 | D:8      | Reached skill level 2 in Evocations
 10329 | D:8      | Found a radiant altar of Vehumet.
 10377 | D:8      | Reached skill level 3 in Evocations
 10378 | D:8      | Found a burning altar of Makhleb.
 10389 | D:8      | Found an opulent altar of Gozag.
 10407 | D:8      | Became a worshipper of Gozag Ym Sagoz the Greedy
 10668 | D:9      | Noticed a centaur zombie
 10680 | D:9      | a centaur zombie (ally) was killed
 10685 | D:9      | Reached skill level 6 in Dodging
 10936 | D:9      | HP: 2/65 [orc warrior/war axe (8)]
 10952 | D:9      | Reached skill level 1 in Shields
 11056 | D:9      | Reached XP level 10. HP: 38/73 MP: 2/18
 11133 | D:9      | Found a staircase to the Orcish Mines.
 11325 | D:9      | Found a staircase to the Lair.
 11359 | D:9      | HP: 7/73 [something (39)]
 11360 | D:9      | ow
 11669 | D:9      | Reached skill level 2 in Shields
 11923 | Lair:1   | Entered Level 1 of the Lair of Beasts
 11972 | Lair:1   | Reached skill level 1 in Staves
 11972 | Lair:1   | Reached skill level 4 in Evocations
 12079 | Lair:1   | Found a labyrinth entrance.
 12116 | Lab      | Entered a labyrinth
 12311 | Lab      | Reached skill level 2 in Staves
 12662 | Lab      | Noticed a minotaur
 12671 | Lab      | Killed a minotaur
 12671 | Lab      | Reached skill level 3 in Staves
 12671 | Lab      | Reached skill level 5 in Evocations
 12879 | Lab      | Got a clouded golden ring
 12885 | Lair:1   | Identified the ring "Blyhozuprau" {rC+ Str+4} (You found it in a labyrinth)
 13098 | Lair:1   | Reached skill level 4 in Staves
 13098 | Lair:1   | Reached skill level 6 in Evocations
 13749 | Lair:1   | Reached XP level 11. HP: 56/78 MP: 12/21
 13759 | Lair:1   | Reached skill level 5 in Staves
 14194 | Lair:1   | Noticed an oklob plant
 14286 | Lair:1   | Reached skill level 7 in Evocations
 15381 | Lair:1   | Splashed by an oklob plant's acid

Vanquished Creatures
  A minotaur (Lab)
  A centaur zombie (D:9)
  2 spiny frogs (Lair:1)
  A troll (D:9)
  A queen bee (Lair:1)
  2 shadows (Lab)
  3 hippogriffs (Lair:1)
  A human (D:8)
  The ghost of Charizard2991 the Shooter, an average HEHu (D:3)
  2 porcupines (Lair:1)
  3 wolves (Lair:1)
  A wasp (D:9)
  An ice beast (D:8)
  A black bear (D:5)
  2 centaurs
  3 ogres
  2 phantoms
  A sky beast (D:5)
  3 orc warriors
  Sigmund (D:7)
  4 crocodiles
  Blork the orc (D:4)
  5 giant frogs
  31 killer bees
  2 vampire bats (D:5)
  A wasp zombie (D:7)
  A goliath beetle (D:4)
  A bog body (Ossuary)
  A quasit (D:9)
  4 crimson imps
  7 orc priests
  3 hounds
  3 giant frog zombies (Ossuary)
  Crazy Yiuf (D:2)
  A jelly (D:8)
  2 centaur skeletons
  3 human skeletons (D:4)
  3 iguanas
  6 orc wizards
  Natasha (thrice) (D:4)
  7 worker ants
  A statue (D:8)
  A killer bee zombie (Ossuary)
  3 hound zombies
  4 mummies (Ossuary)
  Robin (D:2)
  11 adders
  3 gnolls (D:4)
  19 river rats
  2 worker ant zombies
  2 giant mites
  An adder zombie (Ossuary)
  5 giant geckos
  3 oozes
  51 orcs
  13 bats
  3 bat skeletons
  6 bat zombies
  6 giant cockroaches
  15 hobgoblins
  8 jackals
  3 ball pythons
  A giant gecko skeleton (D:5)
  3 giant newts
  A giant spore (D:9)
  21 goblins
  A jackal zombie (Ossuary)
  12 kobolds
  An orc zombie (D:4)
  9 quokkas
  A quokka zombie (Ossuary)
  13 rats
  12 ballistomycetes (D:9)
  2 bushes (Lair:1)
361 creatures vanquished.

Vanquished Creatures (collateral kills)
  Grinder (D:3)
  A giant frog zombie (Ossuary)
  A hound zombie (Ossuary)
  A worker ant zombie (Ossuary)
  6 mummies (Ossuary)
  2 bat zombies (D:5)
  A hobgoblin (D:3)
  2 giant gecko zombies (Ossuary)
  An orc skeleton (D:4)
  An orc zombie (D:4)
  A rat (D:3)
18 creatures vanquished.

Vanquished Creatures (others)
  An adder (D:4)
  2 goblins (D:4)
  3 plants
6 creatures vanquished.

Grand Total: 385 creatures vanquished
